[Event "Spring Chess Classic A 2024"]
[Site "Saint Louis"]
[Date "2024.04.19"]
[Round "9.1"]
[White "Yoo, Christopher Woojin"]
[Black "Mendonca, Leon Luke"]
[Result "0-1"]
[ECO "E40"]
[WhiteElo "2583"]
[BlackElo "2626"]
[Annotator "TA"]
[PlyCount "86"]
[EventDate "2024.04.11"]
[EventCountry "USA"]
[SourceTitle "playchess.com"]
[Source "ChessBase"]
[SourceQuality "1"]
[TimeControl "7200+30"]

1. d4 Nf6 2. c4 e6 3. Nc3 Bb4 4. e3 O-O 5. a3 Bxc3+ 6. bxc3 Nc6 7. Bd3 e5 8. f3 d6 9. Ne2 Nh5 10. O-O {[%emt 0:00:45] The position is equal.} f5 11. a4 b6 12. Ba3 Ba6 13. Qc2 Qd7 14. Rad1 Rad8 15. Rd2 (15. e4 $11 {keeps the balance.}) 15... g6 {[%emt 0:06:27][%cal Oe5e4] Black keeps a firm grip on the game.} 16. Rfd1 Nf6 {[%emt 0:01:49][%cal Oe5e4] aiming for ...e4!} 17. Ng3 Rfe8 18. c5 Bxd3 19. Rxd3 {[%emt 0:00:08] [#]} d5 20. c4 exd4 21. exd4 Na5 22. cxb6 dxc4 ({But not} 22... axb6 23. c5 $15) 23. bxc7 (23. R3d2 $17) 23... Qxc7 $19 (23... cxd3 24. Qa2+ Qd5 25. cxd8=Q Qxa2 26. Qxa5 $17) 24. Bb4 Qb7 25. Bxa5 cxd3 26. Qxd3 Rc8 27. Bd2 Nd5 28. Ne2 Qc6 29. Nf4 Qxa4 30. Rb1 Qa2 {[%emt 0:03:52] [#] And now ...Rc2 would win.} 31. Nxd5 Qxd5 32. Ra1 Qc4 33. Qxc4+ Rxc4 {[%emt 0:00:01][%mdl 4096] Endgame. KRR-KRB} 34. d5 Re2 35. Bg5 (35. Be1) 35... Rcc2 36. Kh1 Rxg2 37. Bf4 g5 38. Be5 f4 39. h4 Rh2+ 40. Kg1 Rcg2+ 41. Kf1 Rd2 42. Kg1 {[%emt 0:00:13] Against Rh1+} Rhe2 43. Bf6 g4 {[%emt 0:00:29] Weighted Error Value: White=0.38/Black=0.07 (flawless) .  Mistake:       	White=3     	---        Inaccurate:     	White=4     	Black=4      OK:         	White=14    	Black=13     Best:        	White=1     	Black=1} 0-1

[Event "Spring Chess Classic A 2024"]
[Site "Saint Louis"]
[Date "2024.04.19"]
[Round "9.2"]
[White "Theodorou, Nikolas"]
[Black "Ter-Sahakyan, Samvel"]
[Result "0-1"]
[ECO "A09"]
[WhiteElo "2622"]
[BlackElo "2644"]
[Annotator "TA"]
[PlyCount "92"]
[EventDate "2024.04.11"]
[EventCountry "USA"]
[SourceTitle "playchess.com"]
[Source "ChessBase"]
[SourceQuality "1"]
[TimeControl "7200+30"]

1. Nf3 d5 2. c4 d4 3. b4 c5 4. Bb2 Nf6 5. g3 Nbd7 6. b5 {[%emt 0:02:41] A09: Réti Opening: 1 Nf3 d5 2 c4.} e5 7. d3 Bd6 8. Bg2 O-O 9. Nbd2 $146 ({Predecessor:} 9. a4 a5 10. Nbd2 h6 11. Qc2 Re8 12. O-O-O Nf8 13. e4 g5 14. h3 Ng6 15. Kb1 {½-½ Theodorou,N (2584)-Aditya,M (2505) PRO League Prelim rapid 2023 (2.2)}) 9... Re8 10. a4 a5 11. e4 Nf8 12. Qe2 b6 13. O-O-O Ra7 14. Kc2 g6 15. Bc1 Nh5 16. h4 Ne6 17. Ng5 Neg7 18. Rdg1 f6 19. Nh3 f5 20. Bf3 Nf6 21. h5 fxe4 22. Nxe4 Nxe4 (22... Ngxh5 $14 23. Bxh5 Nxh5) 23. Bxe4 $16 Nxh5 24. Bc6 Bd7 {[%emt 0:11:40] [#]} 25. Bd5+ $1 Be6 26. Bxe6+ Rxe6 27. g4 ({Better is} 27. Ng5 $16 Re8 28. f3) 27... Nf6 $11 28. f3 Qe8 29. Nf2 (29. Re1 $14) 29... Rf7 $11 30. Rh3 Bf8 31. Rgh1 Qd7 32. Bg5 Ne8 33. Qe4 Nd6 34. Qd5 Qe8 35. Bd2 $2 {[%emt 0:10:26][%mdl 8192] [#]} (35. Re1 $11 {and White stays safe.}) 35... Rd7 $1 $19 36. Ne4 Nf7 37. Rxh7 Rxd5 38. cxd5 Rd6 39. f4 (39. Ng5 $142 Bg7 40. Rxg7+ Kxg7 41. Rh7+ Kg8 42. Rxf7 Qxf7 (42... Rxd5 43. Rf6 $17) 43. Nxf7 Kxf7 44. f4) 39... exf4 $19 ({Worse is} 39... Rxd5 40. Nf6#) 40. Bxf4 Bg7 (40... Rxd5 41. Nf6#) 41. Nxd6 Qe2+ 42. Kc1 Qf3 43. Ne8 Qxf4+ 44. Kb1 Be5 45. d6 Bxd6 46. g5 Be5 ({And not} 46... Nxg5 47. Rg7+ Kf8 48. Rh8#) 0-1

[Event "Spring Chess Classic A 2024"]
[Site "Saint Louis"]
[Date "2024.04.19"]
[Round "9.3"]
[White "Antipov, Mikhail Al."]
[Black "Bok, Benjamin"]
[Result "1/2-1/2"]
[ECO "C54"]
[WhiteElo "2574"]
[BlackElo "2620"]
[Annotator "TA"]
[PlyCount "79"]
[EventDate "2024.04.11"]
[EventCountry "USA"]
[SourceTitle "playchess.com"]
[Source "ChessBase"]
[SourceQuality "1"]
[TimeControl "7200+30"]

1. e4 e5 2. Nf3 Nc6 3. Bc4 Bc5 4. d3 Nf6 5. Bg5 h6 6. Bh4 d6 7. c3 a5 8. Nbd2 Ba7 9. a4 Qe7 10. O-O Bd7 11. Rb1 g5 12. Bg3 Nh7 13. Kh1 (13. Qb3 $14) 13... Nf8 14. Ng1 h5 $36 {[%emt 0:03:05][%mdl 2048] Hoping for ...h4. Black fights for an advantage.} 15. f3 h4 16. Bf2 Bxf2 17. Rxf2 Ng6 18. Nf1 Qf6 19. Bb5 ({White should try} 19. Ne3 $11) 19... g4 $15 20. Ne3 {[%emt 0:00:44] [#]} (20. d4 $15) 20... g3 $1 $17 21. Nd5 {[%emt 0:00:27] [#]} (21. Rd2 $17) 21... Qg5 $1 $19 ({But not} 21... Qd8 $6 22. Re2 $11) 22. f4 Nxf4 23. Rxf4 (23. Nxc7+ Kd8 24. Nxa8 gxf2 $19) 23... exf4 24. Nf3 (24. h3 $142 O-O 25. Nxc7) 24... Qh6 {[%emt 0:01:37] Strongly threatening ...h3.} ({Worse is} 24... Qd8 25. Qd2 $11) 25. h3 Kd8 26. d4 Ne7 27. Bxd7 (27. Nxe7 {was necessary.} Kxe7 28. Qb3) 27... Nxd5 28. exd5 (28. Bf5 {might work better.} Ne3 29. Qb3) 28... Kxd7 29. Qb3 Ra6 30. Qb5+ Kc8 31. b4 axb4 {[%emt 0:02:18] White must now prevent ...Rb6.} 32. cxb4 Kb8 33. Rc1 Rc8 34. a5 Qh5 35. Qc4 Qf5 {[%emt 0:00:19] ...c6 would now be deadly.} 36. Nxh4 Qe4 37. Nf3 Qf5 38. Nh4 $1 Qe4 39. Nf3 $1 Qf5 {[%emt 0:00:56] And now ...c6 would win.} 40. Nh4 $1 {[%emt 0:02:19][%mdl 32768] Weighted Error Value: White=0.20 (precise) /Black=0.44.  Mistake:       	White=7     	---        Inaccurate:     	---       	Black=2      OK:         	White=11    	Black=15     Best:        	White=3     	Black=1      Strong:       	White=3     	Black=2     . An unexpected result.} 1/2-1/2

[Event "Spring Chess Classic A 2024"]
[Site "Saint Louis"]
[Date "2024.04.19"]
[Round "9.4"]
[White "Swiercz, Dariusz"]
[Black "Hakobyan, Aram"]
[Result "1/2-1/2"]
[ECO "E48"]
[WhiteElo "2612"]
[BlackElo "2619"]
[Annotator "TA"]
[PlyCount "84"]
[EventDate "2024.04.11"]
[EventCountry "USA"]
[SourceTitle "playchess.com"]
[Source "ChessBase"]
[SourceQuality "1"]
[TimeControl "7200+30"]

1. d4 Nf6 2. c4 e6 3. Nc3 Bb4 4. e3 O-O 5. Bd3 c5 6. Nge2 Nc6 7. O-O d5 $1 {[%emt 0:00:23] The main line 7...d5 scores better than 7...cxd4.} 8. cxd5 exd5 9. a3 c4 {[%emt 0:00:10] E48: Nimzo-Indian: Rubinstein: 5 Bd3 d5 including 6 Ne2, but excluding 6 a3.} 10. Bc2 Ba5 11. f3 a6 12. Kh1 Re8 13. h3 $146 ({Predecessor:} 13. Qe1 b5 14. Bd2 Bc7 15. Rd1 b4 16. Na4 bxa3 17. bxa3 Qd6 18. Qh4 Qxa3 19. e4 {1-0 Cvitan,O (2524)-Saradjen,J (2124) Krk Golden Island op 2nd 2014 (9)}) 13... b5 14. e4 dxe4 15. fxe4 Bxc3 16. bxc3 Nxe4 17. d5 Na5 18. Bxe4 Rxe4 19. Ng3 Re5 20. Qf3 Qd7 (20... Qxd5 21. Rd1 Bb7 22. Rxd5 Bxd5 23. Qf2 $18) (20... Bb7 $5 21. Qxf7+ Kh8 $15) 21. Nh5 $1 Qf5 (21... Qxd5 $2 22. Rd1 $18) (21... Rxd5 $2 22. Nf6+ gxf6 23. Qg3+ Kf8 (23... Kh8 $2 24. Bh6 $18) 24. Bh6+ Ke7 25. Rae1+ $18) (21... Bb7 $5 22. Bh6 (22. Nxg7 Qxd5 23. Qxd5 Bxd5 $11) 22... Qxd5 (22... gxh6 23. Nf6+ Kh8 24. Nxd7) 23. Qxd5 Bxd5 24. Nxg7 Be4 $11) 22. Bf4 $1 Rxd5 {[%emt 0:00:42] [#]} 23. Qe3 $2 (23. Rae1 $1 $11 Bb7 (23... Qxh5 24. Re8#) 24. Bb8) 23... Bb7 $1 $19 (23... Qxh5 24. Qe8#) 24. Rae1 {[%emt 0:00:26] [#]} (24. Nxg7 $2 Qg6 (24... Qd3 25. Ne8 $11) 25. Ne8 Rdd8 $19 (25... Re5 $2 26. Nf6+ Kh8 27. Qd2 $17)) 24... Bc6 (24... Qxh5 25. Qe8+ Rxe8 26. Rxe8#) (24... Rf8 $1 $19 {and Black stays clearly on top.} 25. Ng3 (25. Nxg7 Qg6 $17) 25... Qd7) 25. Bb8 $17 {[%emt 0:03:29] [#]} (25. Nxg7 $2 Qg6 26. Rf3 (26. Bh6 $2 Rd3 $19) 26... Rd3 $19 (26... Qxg7 $2 27. Rg3 $18) (26... Qxg7 $2 27. Rg3 $18)) 25... Qd7 $1 (25... Qxh5 26. Qe8+ Bxe8 27. Rxe8#) 26. Nf6+ gxf6 27. Rxf6 Kh8 ({Much worse is} 27... Rxb8 $6 28. Qg3+ Kh8 29. Qxb8+ Qd8 30. Qf4 $11) 28. Qg3 Rxb8 (28... Rd3 $2 29. Be5 Qxh3+ 30. Qxh3 Rxh3+ 31. Kg1 $18) 29. Qxb8+ Kg7 ({Black should play} 29... Qd8 $1 $15 30. Qf4 Rd1) 30. Ref1 $11 Rg5 ({Not} 30... Qxh3+ $2 31. gxh3 Rd8+ 32. Rxc6 Rxb8 33. Rxa6 $18) (30... Rd1 $5 31. Rxf7+ Qxf7 32. Qe5+ Kg8 33. Rxd1 Nb7 $11) 31. Rxf7+ Qxf7 32. Rxf7+ Kxf7 33. Qc7+ Ke8 34. Qc8+ (34. Kg1 $5 Rxg2+ 35. Kf1 $14) 34... Kf7 35. Qc7+ Ke6 36. Qxa5 (36. Kg1 $5 Rxg2+ 37. Kf1 $16) 36... Rxg2 37. Qxa6 Kd6 38. Qa5 Rg3+ 39. Kh2 Rg2+ 40. Kh1 Rg3+ 41. Kh2 Rg2+ 42. Kh1 Ke5 $2 (42... Rg7+ $11 43. Kh2 Rg2+) 1/2-1/2

[Event "Spring Chess Classic A 2024"]
[Site "Saint Louis"]
[Date "2024.04.19"]
[Round "9.5"]
[White "Aryan Chopra"]
[Black "Mishra, Abhimanyu"]
[Result "1/2-1/2"]
[ECO "A11"]
[WhiteElo "2630"]
[BlackElo "2626"]
[Annotator "TA"]
[PlyCount "166"]
[EventDate "2024.04.11"]
[EventCountry "USA"]
[SourceTitle "playchess.com"]
[Source "ChessBase"]
[SourceQuality "1"]
[TimeControl "7200+30"]

1. c4 c6 2. Nf3 d5 3. e3 Nf6 4. Nc3 Nbd7 5. Qc2 e5 6. cxd5 {[%emt 0:00:20] A11: English Opening: 1...c6.} Nxd5 7. d4 Nb4 8. Qb1 exd4 9. Nxd4 Nf6 10. Be2 Bd6 $146 ({Predecessor:} 10... c5 11. Nf3 Bd6 12. O-O O-O 13. b3 Qe7 14. Bb2 Bg4 15. Nb5 Bb8 16. Ng5 g6 17. Bxf6 Qxf6 18. Bxg4 Qxg5 {½-½ Demuth,A (2498)-Admiraal,M (2506) BEL-chT 1920 2019 (8.3)}) 11. a3 Nbd5 12. Nxd5 Nxd5 13. Nf5 Bxf5 14. Qxf5 O-O 15. O-O Qf6 16. Qxf6 Nxf6 17. Rd1 Be5 18. Rb1 Rfd8 19. Bd2 a5 20. Kf1 Kf8 21. Be1 Rxd1 22. Bxd1 Nd5 23. a4 Nb4 24. Ke2 Rd8 25. Bb3 h5 26. h4 Bf6 27. g3 b6 28. Bc4 Ke7 29. f4 g6 30. Bc3 Nd5 31. Bd2 Nb4 32. Rd1 Ke8 33. b3 Be7 34. Bxb4 axb4 35. Rxd8+ Bxd8 36. e4 Be7 37. Kf3 Bc5 38. e5 Ke7 39. Bd3 f5 40. exf6+ Kxf6 41. Be4 Bd4 42. Bxc6 Bc3 43. g4 hxg4+ 44. Kxg4 Bd2 45. Bg2 Bc3 46. Bh3 Ke7 (46... Bd2 $14) 47. Bf1 (47. f5 $1 $16 Kf6 48. fxg6 Kxg6 49. Bg2) 47... Kf6 $14 48. Ba6 Kf7 (48... Bd2 $14) 49. Bc8 (49. f5 $142 $1) 49... Bf6 50. Bd7 Ke7 51. Bb5 Kf7 52. Bc4+ Kf8 53. Bd3 Kf7 54. Kg3 Bc3 55. Kf3 ({White should try} 55. f5 $1 $16 gxf5 56. Bxf5) 55... Bf6 (55... Kf6 $14) 56. Kg4 $16 Kg7 57. Be4 Kf7 58. Bd5+ Kf8 59. Be4 Kf7 $1 60. f5 gxf5+ 61. Bxf5 Kg7 62. h5 Kh8 63. Kf4 Bd4 64. Ke4 Bg1 65. h6 Bf2 66. Kd5 Be3 {[%emt 0:00:06] [#]} 67. Kc6 $1 Kg8 68. Kb5 Kh8 69. h7 ({Don't play} 69. Kxb4 $6 Bxh6 70. Bg4 Kg7 $11) 69... Bg1 70. Kxb4 Bf2 71. Kb5 Bg1 {[%emt 0:00:04] [#]} (71... Kg7 $16 {might work better.} 72. Bb1 Be3) 72. b4 $1 $18 Bf2 73. a5 bxa5 74. bxa5 Bg1 75. a6 Bf2 76. Kc6 Bg1 77. Kb7 Bf2 78. a7 $2 (78. Bg6 $18 {Be4 would now be deadly.} Kg7 79. a7 Bxa7 80. Kxa7) 78... Bxa7 $1 $11 79. Kxa7 Kg7 80. Ka8 Kh8 81. Ka7 Kg7 82. Ka8 Kh8 83. Ka7 Kg7 1/2-1/2